 Dungeon Crawl Stone Soup version 0.29-a0-270-g1586fc07ea (webtiles) character file.

Game seed: 17907218958636257499

126 namelastname112 the Insei (level 4, -3/38 HPs)
             Began as a Draconian Monk on Mar 7, 2022.
             Slain by Ijyb
             ... wielding a +3 dagger of venom
              (5 damage)
             ... on level 3 of the Dungeon.
             The game lasted 00:03:06 (3663 turns).

namelastname112 the Insei (Draconian Monk)          Turns: 3663, Time: 00:03:06

Health: -3/38      AC:  6    Str: 14    XL:     4   Next: 84%
Magic:  4/4        EV: 12    Int: 10    God:
Gold:   56         SH:  0    Dex: 15    Spells: 3/3 levels left

rFire   + . .      SeeInvis .     - Unarmed
rCold   . . .      Faith    .   (no shield)
rNeg    . . .      Spirit   .   (body armour unavailable)
rPois   .          Reflect  .   (helmet restricted)
rElec   .          Harm     .   m - +0 cloak
rCorr   .          Rampage  .   (no gloves)
Will    .....                   (no boots)
Stlth   ++........              (no amulet)
HPRegen 0.12/turn               g - ring of protection from fire
MPRegen 0.09/turn               (no ring)

@: lethally poisoned (-3 -> -23)
A: AC +5, unfitting armour, cold-blooded
a: no special abilities


You were on level 3 of the Dungeon.
You visited 1 branch of the dungeon, and saw 3 of its levels.

You collected 104 gold pieces.
You spent 48 gold pieces at shops.

Inventory:

Hand Weapons
 c - a +2 quarterstaff of chaos
Armour
 m - a +0 cloak (worn)
Jewellery
 g - a ring of protection from fire (left hand)
Scrolls
 d - 5 scrolls of identify {unknown}
 e - 2 scrolls of acquirement {unknown}
 h - a scroll of immolation {unknown}
 l - a scroll of enchant weapon {unknown}
 n - a scroll of fog {unknown}
 o - a scroll of amnesia {unknown}
 q - a scroll of enchant armour {unknown}
 r - a scroll of summoning {unknown}
Potions
 a - a potion of ambrosia
 b - a potion of resistance {unknown}
 f - a potion of brilliance {unknown}
 i - 2 potions of degeneration {unknown}
 j - a potion of flight {unknown}
 k - 2 potions of heal wounds {unknown}
 p - a potion of might {unknown}
 s - a potion of curing {unknown}


   Skills:
 - Level 3.2 Fighting
 - Level 2.6 Dodging
 - Level 1.7 Stealth
 + Level 5.6 Unarmed Combat


You had 3 spell levels left.
You didn't know any spells.
Your spell library was empty.

Dungeon Overview and Level Annotations

Branches:
Dungeon (3/15)

Altars:
Wu Jian
Xom

Shops:
D:2 *   D:3 (

Annotations:
D:3 Ijyb, Sigmund


Innate Abilities, Weirdness & Mutations

Your plain brown scales are hard. (AC +5)
You cannot fit into any form of body armour.
You are cold-blooded and may be slowed by cold attacks.


Message History

You feel very sick! Ijyb completely misses you!
You take 6 damage, and have 19/38 hp!
You are too injured to fight recklessly!!!
You are too injured to fight recklessly!!!
You are too injured to fight recklessly!!!
You are too injured to fight recklessly!!!
You are too injured to fight recklessly!!!
You are too injured to fight recklessly!!!
You are too injured to fight recklessly!!!
You are too injured to fight recklessly!!!
You are too injured to fight recklessly!!!
You are too injured to fight recklessly!!!
You are too injured to fight recklessly!!!
You are too injured to fight recklessly!!!
You are too injured to fight recklessly!!!
You are too injured to fight recklessly!!!
You are too injured to fight recklessly!!!
You are too injured to fight recklessly!!!
You are too injured to fight recklessly!!!
You are too injured to fight recklessly!!!
You squash Ijyb but do no damage!
Your tail-slap misses Ijyb!
You punch Ijyb, but do no damage!
Ijyb is heavily wounded!
You feel very sick!
Ijyb hits you with a +3 dagger of venom!
You are more poisoned!
You take 7 damage, and have 12/38 hp!
You squash Ijyb like an ant!
You tail-slap Ijyb, but do no damage!
Ijyb is severely wounded! * * * don't die
* * * You feel very sick!
Ijyb closely misses you!
You take 5 damage, and have 7/38 hp!
You pummel Ijyb but do no damage! You tail-slap Ijyb, but do no damage!
Ijyb is severely wounded! * * * don't die
* * * You feel very sick!
Ijyb hits you with a +3 dagger of venom! rip

#.........................#
##.............#############
...............#
...............#####
.........#####.....#
.....#####...#####.#
.....+....._.....'.#
.....#####...#####.#
..#......#####.g@..#
..#............##..#
..#####....... ..## ###
###### ####


You could see Ijyb.

Vanquished Creatures
  Crazy Yiuf (D:2)
  An orc wizard (D:3)
  An adder (D:3)
  A worm (D:2)
  2 dart slugs
  3 orcs (D:3)
  5 endoplasms
  2 giant cockroaches
  6 goblins
  2 hobgoblins (D:1)
  3 jackals (D:1)
  4 kobolds
  4 quokkas
  3 ball pythons
  5 bats
  3 frilled lizards
  7 rats
53 creatures vanquished.

Notes
Turn   | Place    | Note
-------+----------+-------------------------------------------
     0 | D:1      | namelastname112 the Draconian Monk began the quest for the
                  | Orb.
     0 | D:1      | Reached XP level 1. HP: 19/19 MP: 1/1
   240 | D:1      | Reached XP level 2. HP: 3/26 MP: 2/2
   883 | D:1      | Reached skill level 4 in Unarmed Combat
  1146 | D:1      | Reached XP level 3. HP: 31/31 MP: 3/3
  1846 | D:2      | Found Ymmuan's Assorted Antiques.
  1849 | D:2      | Bought a bubbling sapphire potion for 16 gold pieces
  1849 | D:2      | Bought 2 glowing puce potions for 32 gold pieces
  1869 | D:2      | Found a faded altar of an unknown god.
  2241 | D:2      | Found a runed translucent door.
  2242 | D:2      | Noticed Crazy Yiuf
  2280 | D:2      | Found a shimmering altar of Xom.
  2558 | D:2      | Killed Crazy Yiuf
  2559 | D:2      | Reached skill level 5 in Unarmed Combat
  2559 | D:2      | Reached XP level 4. HP: 26/38 MP: 4/4
  2740 | D:2      | epen: Давай уж что ли на новом бэкграунде
  2768 | D:3      | namelastname112: это на каком
  2853 | D:3      | epen: ну
  2893 | D:3      | epen: вернись
  2921 | D:3      | epen: давай по новой
  3450 | D:3      | Noticed Sigmund
  3491 | D:3      | Found an ornate altar of the Wu Jian Council.
  3509 | D:3      | epen: Ну давай убьёмся об зигмунда
  3526 | D:3      | Found Maiciw's Weapon Boutique.
  3535 | D:3      | epen: эх ты
  3651 | D:3      | Noticed Ijyb
  3663 | D:3      | Slain by Ijyb

Illustrated notes

Levels and vault maps discovered:
D:1:      eino_arrival_cavern_a, layout_basic, serial_forest,
          infiniplex_forest_straight_3, infiniplex_forest_straight_4,
          infiniplex_forest_straight_3, infiniplex_forest_corner_2,
          infiniplex_forest_straight_3, infiniplex_forest_clump_double,
          infiniplex_forest_clump_small, infiniplex_forest_clump_small,
          infiniplex_forest_straight_2, infiniplex_forest_lined_2
D:2:      layout_basic, basic_altar, basic_ecumenical_altar, serial_shops,
          shop_statue, uniq_crazy_yiuf_cottage
D:3:      cheibrodos_helix_gallery, layout_basic,
          mainiacjoe_overflow_surrounded_room, serial_shops, shop, uniq_ijyb,
          uniq_sigmund

Skill      XL: |  1  2  3 |
---------------+----------+-----
Unarmed Combat | 4 5 |  5.6
Fighting       | |  3.2
Dodging        | |  2.6
Stealth        | |  1.7

Action                   |  1- 3 |  4- 6 || total
-------------------------+-------+-------++-------
Melee: Unarmed           |   114 |    62 ||   176
       Tailslap          |    17 |     5 ||    22
       Punch             |     2 |     5 ||     7
  Use: Potion            |     1 |       ||     1
 Stab: Sleeping          |     2 |     1 ||     3
Armor: Skin              |    28 |    16 ||    44
Dodge: Dodged            |    75 |    32 ||   107

Table legend: (Time is in decaauts)
 A = Elapsed time spent in this place.
 B = Non-inter-level travel time spent in this place.
 C = Inter-level travel time spent in this place.
 D = Time resting spent in this place.
 E = Time spent auto-exploring this place.
 F = Levels seen in this place.
 G = Mean time per level.
                   A        B        C        D        E       F      G
               +--------+--------+--------+--------+--------+-----+--------+
         Total |   3650 |   3590 |     60 |    857 |   2297 |   3 | 1216.7 |
       Dungeon |   3650 |   3590 |     60 |    857 |   2297 |   3 | 1216.7 |
               +--------+--------+--------+--------+--------+-----+--------+

Top non-repeatable levels by time:
     D:1: 1594 daAuts
     D:2: 1192 daAuts
     D:3: 863 daAuts
